Cogmind - Beta 17.1 @@@ ROGUE MODE // 2026.09.03 @ 01:41:25 Player: 7H-NLC Result: Destroyed by P-70 Sage with High-powered Shock Rifle Performance ------------- Evolutions (5) 2500 Regions Visited (17) 3400 Robots Destroyed (83) 415 Value Destroyed (2640) 2640 Prototype IDs (53) 1060 Alien Tech Used (0) 0 Bonus (3437) 3437 TOTAL SCORE: 13452 Bonus ------- High Alert Combat Kills 16 Follower Combat Kills 1447 Delivered SUBCON Basin 2000 Registered with UFD 300 Met Data Miner 300 MAIN.C Attacked Warlord 500 Friendly Fire -1126 Cogmind --------- Core Integrity 0/1000 Matter 300/300 Energy 440/550 System Corruption 11% Temperature Warm (113) Movement Hovering (100) Ox1 Location -4/Proximity Caves Parts ------- > --- POWER (2) -------- Antimatter Reactor Antimatter Reactor > --- PROPULSION (6) --- Cooled Aerolev Unit Gyrokinetic Inverter Gyrokinetic Inverter Gyrokinetic Inverter Combat Gravmag System > --- UTILITY (7) ------ Large Storage Unit Experimental Optical Array Experimental Targeting Computer Improved Melee Analysis Suite Makeshift Ablative Armor System Mapper A0-MCA's Component Scanner > --- WEAPON (2) ------- Companion Sword Phasing Sabre > --- INVENTORY (15) --- Vortex Chain Reactor Cooled Antigrav System Energy Well (350) Experimental Thermal Shield System Mapper Deep Network Scanner Ghost Barrier Vortex Rail (40) Vortex Rail (40) Thermoblaster Thermoblaster RU-N14's Throwing Claymores v3 (5) RU-N14's Throwing Claymores v3 (5) RU-N14's Throwing Claymores v3 (4) Peak State ------------ > --- POWER ------------ Antimatter Reactor Antimatter Reactor > --- PROPULSION ------- Cooled Aerolev Unit Gyrokinetic Inverter Gyrokinetic Inverter Gyrokinetic Inverter Combat Gravmag System Cooled Antigrav System > --- UTILITY ---------- Large Storage Unit Experimental Targeting Computer Improved Melee Analysis Suite Experimental Thermal Shield Improved Remote Force Field System Mapper A0-MCA's Component Scanner > --- WEAPON ----------- RU-N14's Throwing Claymores v3 Companion Sword > --- INVENTORY -------- Vortex Chain Reactor Cooled Antigrav System Energy Well Makeshift Ablative Armor System Mapper Deep Network Scanner Ghost Barrier Vortex Rail Vortex Rail Thermoblaster Thermoblaster RU-N14's Throwing Claymores v3 RU-N14's Throwing Claymores v3 Phasing Sabre [Rating: 125] Favorites ----------- Power Meta Core Engine Light Ion Engine Power Core Meta Core Reactor Antimatter Reactor Propulsion Aluminum Leg Treads Medium Treads Leg Aluminum Leg Wheel Compact Wheel Hover Unit Gravmag Array Flight Unit VTOL Module Utility Tech Extrapolator Device Advanced Weight Redist. System Storage Humpback Processor Tech Extrapolator Hackware System Shield Protection Light Armor Plating Weapon Great Maul Energy Gun Overtuned Beamcaster Energy Cannon Subdweller Beam Cannon Ballistic Gun Barrage Gun Ballistic Cannon Battle Cannon Launcher Rocket Launcher Special Weapon Improved Remote Datajack Impact Weapon Great Maul Slashing Weapon Companion Sword Piercing Weapon Heavy Pick Build | -11 -10 -10 -10 -9 -9 -6 -6 -6 -6 -6 -6 -5 -5 -5 -5 -5 -4 ------- Run | Yrd Mat Min Sub Rec Scr Fac Was Fac Low Low Dat Pro Fac Upp Upp War Pro Slots Evolved 10 | . . . . . . 8 . . . . . . 2 . . . . Power 1 | . . . . . . 1 . . . . . . . . . . . Propulsion 4 | . . . . . . 3 . . . . . . 1 . . . . Utility 5 | . . . . . . 4 . . . . . . 1 . . . . Weapon . | . . . . . . . . . . . . . . . . . . Parts Attached 168 | 6 4 5 9 . 27 12 9 15 15 1 2 4 29 4 7 19 . Power 17 | 1 1 . 2 . . 1 3 . . . . 1 3 . 1 4 . Engine 1 | 1 . . . . . . . . . . . . . . . . . Core 9 | . 1 . 2 . . 1 . . . . . 1 3 . 1 . . Reactor 7 | . . . . . . . 3 . . . . . . . . 4 . Propulsion 47 | 2 1 2 1 . 11 6 1 1 6 . . 1 9 . 2 4 . Treads 1 | . . . . . 1 . . . . . . . . . . . . Leg 13 | 2 1 2 1 . 5 2 . . . . . . . . . . . Wheel 2 | . . . . . 2 . . . . . . . . . . . . Hover 29 | . . . . . 2 4 1 1 6 . . 1 9 . 2 3 . Flight 2 | . . . . . 1 . . . . . . . . . . 1 . Utility 70 | 2 2 . 3 . 9 5 4 11 6 1 2 . 11 3 4 7 . Device 39 | 1 . . . . 4 3 3 8 3 1 2 . 8 2 2 2 . Storage 9 | 1 1 . 1 . 2 . 1 . . . . . 2 . 1 . . Processor 11 | . . . . . 1 1 . . 3 . . . 1 1 1 3 . Hackware 2 | . . . . . . 1 . . . . . . . . . 1 . Protection 9 | . 1 . 2 . 2 . . 3 . . . . . . . 1 . Artifact . | . . . . . . . . . . . . . . . . . . Weapon 34 | 1 . 3 3 . 7 . 1 3 3 . . 2 6 1 . 4 . Energy Gun 4 | . . . . . 2 . . 1 . . . . . . . 1 . Energy Cannon 4 | . . . 1 . . . . 1 1 . . . 1 . . . . Ballistic Gun 5 | 1 . . 1 . 3 . . . . . . . . . . . . Ballistic Cannon 2 | . . . 1 . . . 1 . . . . . . . . . . Launcher 4 | . . 2 . . 1 . . . . . . 1 . . . . . Special Weapon 5 | . . . . . . . . . 1 . . 1 1 . . 2 . Impact Weapon 2 | . . 1 . . . . . . . . . . 1 . . . . Slashing Weapon 6 | . . . . . 1 . . 1 1 . . . 1 1 . 1 . Piercing Weapon 2 | . . . . . . . . . . . . . 2 . . . . Special Melee Weapon . | . . . . . . . . . . . . . . . . . . Unidentified Prototypes 11 | . . . . . 1 . 1 1 . . 1 . 2 . . 5 . Corrupted Parts 3 | . . 2 1 . . . . . . . . . . . . . . System Corruption 10 | . . 9 1 . . . . . . . . . . . . . . Parts Lost 50 | . . 1 6 . . 1 . 1 3 . 5 1 20 . 11 . 1 Power 9 | . . . 2 . . . . . . . 1 . 3 . 3 . . Propulsion 17 | . . . . . . 1 . . 3 . 1 1 6 . 4 . 1 Utility 16 | . . . 2 . . . . 1 . . 1 . 8 . 4 . . Weapon 8 | . . 1 2 . . . . . . . 2 . 3 . . . . Highest Loss Streak 7 | . . 1 3 . . 1 . 1 2 . 3 1 5 . 7 . 1 To Critical Strikes 1 | . . . . . . . . . . . . . . . 1 . . Average Backups 14 | . 6 11 12 15 13 14 16 17 17 20 19 18 17 14 13 13 14 Power . | . . . . . . . 1 2 2 2 2 1 1 . . . 1 Propulsion 2 | . 1 3 3 3 2 1 2 2 2 4 4 2 1 3 1 . 1 Utility 8 | . 3 5 5 7 8 9 9 10 10 11 12 13 10 7 8 6 5 Weapon 2 | . 1 1 3 4 2 1 1 1 1 3 1 1 2 3 2 5 7 Tool/Special . | . . . . . . . . . . . . . . . . . . Unused Backups 57 | . . . 1 2 12 . 6 8 4 . 2 . 7 1 1 5 8 Power 3 | . . . . . 1 . 2 . . . . . . . . . . Propulsion 9 | . . . . . 2 . 1 . . . . . 4 . . 2 . Utility 20 | . . . . 2 4 . 3 5 . . 1 . 1 . . 1 3 Weapon 23 | . . . 1 . 4 . . 2 4 . 1 . 2 1 1 2 5 Tool/Special 2 | . . . . . 1 . . 1 . . . . . . . . . Average Slot Usage (%) 73 | . 85 85 69 59 66 73 74 78 85 94 89 87 85 94 90 84 99 Core 8 | . 8 14 8 10 10 8 5 5 5 5 5 10 9 5 4 . . Reactor 1 | . . . . . . . 3 5 5 5 4 . . 4 3 5 11 Leg 10 | . 28 28 23 20 8 11 . . . . . . . . . . . Wheel 1 | . . . . . 7 . . . . . . . . . . . . Hover 8 | . . . . . . 6 16 17 18 23 21 22 28 35 33 33 35 Device 6 | . 3 . . . 5 15 16 17 13 11 11 17 18 18 15 6 . Storage 8 | . 14 14 11 10 7 5 5 5 5 5 5 5 5 5 5 5 5 Processor 5 | . . . . . 4 10 8 5 14 17 17 17 10 11 13 17 23 Protection 2 | . 10 14 4 . 1 . 2 5 5 5 3 . . . . . 5 Energy Cannon 2 | . . . . 9 3 . . . . . . . . . . . . Ballistic Gun 2 | . 14 8 . . 7 . . . . . . . . . . . . Ballistic Cannon 1 | . . . 8 . . . 4 3 . . . . . . . . . Impact Weapon 4 | . . . 11 10 5 . . . . . . . 1 . . . . Slashing Weapon 3 | . . . . . . 5 5 5 13 17 15 5 4 10 11 7 10 Peak Build Rating 125 | 6 9 15 42 44 56 86 103 108 105 103 105 111 120 98 99 125 120 Average Rating 54 | 4 7 9 27 42 30 77 95 101 96 102 101 105 97 92 86 101 118 On Entrance 65 | . 6 9 15 42 26 56 73 103 100 102 103 88 111 71 98 62 120 Avg Prop Armor Cover (%) 5 | . . . . . 7 . . . . . . . 3 2 1 1 . Naked Turns . | . . . . . . . . . . . . . . . . . . Heaviest Build 218 | 11 30 38 218 218 218 73 93 112 97 82 86 77 82 60 60 77 68 Greatest Support 79 | 20 20 20 20 20 42 79 60 75 75 56 56 56 78 33 54 69 69 Greatest Overweight (x) 13 | . 1 1 10 10 13 1 1 2 2 1 1 1 2 1 1 3 . Average Overweight (x) 1 | . . 1 2 10 2 . . 1 . 1 1 1 . . . . . Largest Inventory Capacity 35 | 8 15 15 35 35 35 20 20 20 20 20 20 20 20 15 15 15 15 Average Capacity 23 | 7 10 15 25 35 22 20 20 20 20 20 20 20 17 15 15 15 15 Most Carried 35 | 2 8 15 31 35 20 20 20 20 20 20 20 20 20 15 15 15 15 Average Carried 19 | . 6 11 20 32 15 15 19 19 19 20 19 18 17 14 13 13 15 Final Capacity 35 | 8 15 15 35 35 20 20 20 20 20 20 20 20 15 15 15 15 15 Final Carried 30 | 2 8 14 30 20 20 18 20 20 20 20 20 18 15 15 12 15 15 Scrap Suit Usage (%) 1 | . . . . . . 54 . . . . . . . . . . . Class Distribution -------------------- 39% | Mutant 35% | Hauler-Mutant 12% | Gladiator 7% | Scavenger-Gladiator 3% | Scavenger-Mutant Dominant Class ---------------- Mutant | -10/Materials Mutant | -10/Mines Hauler-Mutant | -10/Subcaves Hauler-Mutant | -9/Recycling Mutant | -9/Scraptown Mutant | -6/Factory Mutant | -6/Waste Mutant | -6/Factory Gladiator | -6/Lower Caves Scavenger-Gladiator | -6/Lower Caves Scavenger-Gladiator | -6/Data Miner Scavenger-Mutant | -5/Proximity Caves Gladiator | -5/Factory Gladiator | -5/Upper Caves Gladiator | -5/Upper Caves Mutant | -5/Warlord Scavenger-Gladiator | -4/Proximity Caves Resources | -11 -10 -10 -10 -9 -9 -6 -6 -6 -6 -6 -6 -5 -5 -5 -5 -5 -4 ----------- Run | Yrd Mat Min Sub Rec Scr Fac Was Fac Low Low Dat Pro Fac Upp Upp War Pro Matter Collected 4085 | 218 91 391 379 93 844 120 187 433 333 38 . 97 405 97 74 255 30 Remotely . | . . . . . . . . . . . . . . . . . . Salvage Created 3659 | 49 91 61 260 48 . 173 137 436 383 28 213 90 1160 175 239 . 116 Parts 207 | 11 6 3 24 1 . 8 6 20 32 2 11 8 53 1 14 . 7 Haulers Intercepted 5 | . . . . . . . . 2 . . . . 3 . . . . Recyclers Shooed 2 | . 1 . . . . . . . . . . . 1 . . . . Parts Field Recycled . | . . . . . . . . . . . . . . . . . . Retrieved Matter . | . . . . . . . . . . . . . . . . . . Parts Self-Destructed 92 | . . . 18 . . . . . 37 4 . 6 . . 20 . 7 Prevented . | . . . . . . . . . . . . . . . . . . Parts Restored . | . . . . . . . . . . . . . . . . . . Kills | -11 -10 -10 -10 -9 -9 -6 -6 -6 -6 -6 -6 -5 -5 -5 -5 -5 -4 ------- Run | Yrd Mat Min Sub Rec Scr Fac Was Fac Low Low Dat Pro Fac Upp Upp War Pro Combat Hostiles Destroyed 59 | . 2 2 10 1 . 5 . 1 4 1 2 5 15 . 9 . 2 Melee 42 | . . . 4 . . 5 . 1 4 1 2 2 12 . 9 . 2 Guns 3 | . 2 1 . . . . . . . . . . . . . . . AOE 10 | . . 1 3 . . . . . . . . 3 3 . . . . Classes Destroyed 15 | 1 1 1 1 1 . 2 1 4 1 . . . 2 . . . . Worker 2 | . . . . . . . . 2 . . . . . . . . . Builder 2 | . . . . . . . . . . . . . 2 . . . . Tunneler 3 | 3 . . . . . . . . . . . . . . . . . Hauler 5 | . . . . . . . . 2 . . . . 3 . . . . Recycler 2 | . . . . . . . . 1 . . . . 1 . . . . Operator 1 | . . . . . . . . . . . . . 1 . . . . Watcher 4 | . . . . . . 1 . . . . . . 3 . . . . Swarmer 30 | . . 1 2 . . 4 . . . 1 . 4 9 . 9 . . Grunt 8 | . 2 1 . . . . . . 3 . . . 2 . . . . Sentry 6 | . . . . 1 . . . . 1 . . 1 3 . . . . Hunter 1 | . . . . . . . . 1 . . . . . . . . . Programmer 4 | . . . . . . 1 . . . . . . 1 . . . 2 Enhanced Grunt 2 | . . . . . . . . . . . 2 . . . . . . Subdweller 8 | . . . 8 . . . . . . . . . . . . . . Ranger 2 | . . . . . . . . . 2 . . . . . . . . Martyr 2 | . . . . . . . 2 . . . . . . . . . . Best Kill Streak 7 | 3 1 1 2 1 . 3 . 1 3 1 2 4 7 . 5 . 1 Combat Bots Only 5 | . 1 1 2 1 . 3 . 1 3 1 2 4 5 . 5 . 1 Max Kills in Single Turn 3 | 1 1 1 1 1 . 1 1 1 1 1 1 3 2 . 1 . 1 Gunslinging . | . . . . . . . . . . . . . . . . . . Exploded 3 | . . 1 1 . . . . . . . . 3 2 . . . . Melee 1 | . . . 1 . . 1 . 1 1 1 1 1 1 . 1 . 1 Uniques/NPCs Destroyed 1 | . . . . . . . . . . . 1 . . . . . . Data Miner (-6/Data Miner) Combat | -11 -10 -10 -10 -9 -9 -6 -6 -6 -6 -6 -6 -5 -5 -5 -5 -5 -4 -------- Run | Yrd Mat Min Sub Rec Scr Fac Was Fac Low Low Dat Pro Fac Upp Upp War Pro Hostile Shots Fired 687 | . 16 14 80 2 . 37 . 72 45 19 23 25 188 . 121 13 32 Missed 217 | . . 4 22 1 . 8 . 25 12 8 5 7 74 . 36 5 10 Hits 470 | . 16 10 58 1 . 29 . 47 33 11 18 18 114 . 85 8 22 Melee 1 | . . . . . . . . . . . . . 1 . . . . Projectile 469 | . 16 10 58 1 . 29 . 47 33 11 18 18 113 . 85 8 22 AOE 5 | . . . . . . . . . . . . . 4 . . 1 . Critical Strikes 6 | . . . 1 . . 1 . . . . . . 1 . 2 . 1 Part Disruptions 1 | . . . . . . . . . . . 1 . . . . . . Damage Taken 7910 | . 201 172 860 15 . 462 22 439 483 106 749 307 2334 . 998 301 461 Core 1712 | . 15 20 210 . . 34 22 74 81 21 191 36 571 . 333 42 62 Absorbed by Shields 473 | . . . . . . . . 64 . 63 . . 154 . 192 . . Redirected to Shielding 115 | . . . . . . . . 16 52 14 33 . . . . . . Ignored by Resistances 316 | . . . 10 . . . . . . . 89 45 . . 172 . . Regen/Repaired (Parts) 627 | . . . . . . . 440 56 . . . . 49 . . 82 . Core Remaining (%) 49 | 100 . . . . 2 . . . . . . 46 . . . . . Volleys Fired 67 | 7 15 11 13 2 . . 2 1 2 . . 2 11 . . 1 . Largest 1 | 1 1 1 1 1 . . 1 1 1 . . 1 1 . . 1 . Hottest 90 | 20 20 30 80 80 . . 60 75 . . . 43 90 . . 5 . Shots Fired 74 | 7 15 11 17 3 . . 2 3 2 . . 2 11 . . 1 . Gun 34 | 7 15 10 2 . . . . . . . . . . . . . . Cannon 19 | . . . 6 3 . . 2 3 . . . . 5 . . . . Launcher 14 | . . 1 9 . . . . . . . . 2 2 . . . . Special 7 | . . . . . . . . . 2 . . . 4 . . 1 . Kinetic 41 | 7 15 10 6 . . . 2 1 . . . . . . . . . Thermal 10 | . . . 2 3 . . . . . . . . 5 . . . . Explosive 14 | . . 1 9 . . . . . . . . 2 2 . . . . Electromagnetic 2 | . . . . . . . . 2 . . . . . . . . . Robot Hit Streak 7 | 7 7 2 5 . . . 5 3 5 . . . 3 . . 4 . Robot Miss Streak 5 | . 2 4 3 4 . . 5 1 . . . . 1 . . . . Penetration Max . | . . . . . . . . . . . . . . . . . . Secondary Targets . | . . . . . . . . . . . . . . . . . . Shots Hit Robots 197 | 7 10 3 14 2 . 13 6 12 17 1 12 6 55 5 20 3 11 Core Hits 100 | 3 5 4 7 . . 5 3 6 7 1 6 9 27 4 8 1 4 Critical Kills 2 | . . . 2 . . . . . . . . . . . . . . Critical Parts Destroyed 6 | 1 . . 2 1 . . . . . . . . 2 . . . . Critical Strikes 19 | 1 . . 4 1 . 2 . . . . 2 . 7 . . 2 . Destroy 1 | 1 . . . . . . . . . . . . . . . . . Smash 7 | . . . 4 1 . . . . . . . . 2 . . . . Sever 2 | . . . . . . . . . . . 2 . . . . . . Impale 1 | . . . . . . . . . . . . . 1 . . . . Melee Attacks 321 | . . . 28 2 . 29 4 18 29 1 34 7 97 12 38 4 18 Impact 38 | . . . 28 2 . . . . . . . . 8 . . . . Slashing 277 | . . . . . . 29 4 18 29 1 34 7 83 12 38 4 18 Piercing 6 | . . . . . . . . . . . . . 6 . . . . Sneak Attacks 24 | . . . . 1 . . 4 4 5 . 2 . 8 . . . . Combat Hostiles 2 | . . . . . . . . . 1 . . . 1 . . . . Follow-up Attacks 19 | . . . . . . . . . . . 3 . 7 . 5 1 3 Damage Inflicted 9661 | 91 132 121 886 152 . 536 455 566 890 36 663 684 2808 331 795 75 440 Guns 257 | 91 131 35 . . . . . . . . . . . . . . . Cannons 192 | . . . . . . . 156 36 . . . . . . . . . Explosions 1163 | . . 78 464 . . . . . . . . 407 214 . . . . Melee 8040 | . . . 422 152 . 536 299 530 890 36 663 277 2594 331 795 75 440 Ramming 9 | . 1 8 . . . . . . . . . . . . . . . Kinetic 413 | 91 131 35 . . . . 156 . . . . . . . . . . Thermal . | . . . . . . . . . . . . . . . . . . Explosive 1163 | . . 78 464 . . . . . . . . 407 214 . . . . Electromagnetic 36 | . . . . . . . . 36 . . . . . . . . . Impact 700 | . . . 422 152 . . . . . . . . 126 . . . . Slashing 7125 | . . . . . . 536 299 530 890 36 663 277 2253 331 795 75 440 Piercing 215 | . . . . . . . . . . . . . 215 . . . . Highest Corruption 10 | . . 9 10 10 10 1 1 1 1 1 1 1 5 5 5 3 10 Average Corruption 5 | . . 7 9 10 10 1 1 1 1 1 1 1 3 5 3 3 4 Corruption Purged 3 | . . . . . . . . . . . . . . . 3 . . Corruption Blocked . | . . . . . . . . . . . . . . . . . . Effects 316 | . . . 127 114 3 . 4 7 11 7 2 4 16 14 6 . 1 Message Errors 85 | . . . 35 34 . . . 1 1 1 . . 8 3 2 . . Matter Fused 82 | . . . 35 30 . . 2 3 5 1 . 1 1 3 1 . . Heat Flow Errors 35 | . . . 13 12 1 . . . 2 1 2 . . 2 1 . 1 Energy Discharges 38 | . . . 12 10 . . 1 1 3 4 . 2 3 2 . . . Parts Rejected 2 | . . . 1 1 . . . . . . . . . . . . . Parts Fused 6 | . . . 3 2 . . . . . . . . . . 1 . . Data Loss (minor) 39 | . . . 13 15 2 . 1 . . . . 1 3 3 1 . . Data Loss (major) 13 | . . . 6 5 . . . . . . . . 1 1 . . . Misfires 8 | . . . 4 2 . . . 2 . . . . . . . . . Alerts 8 | . . . 5 3 . . . . . . . . . . . . . Overload Shots . | . . . . . . . . . . . . . . . . . . Overflow Damage 951 | . . . 110 122 . 36 . 10 125 . 39 4 417 . 70 . 18 Projectiles . | . . . . . . . . . . . . . . . . . . Explosions 75 | . . . . . . . . . . . . . 75 . . . . Melee 876 | . . . 110 122 . 36 . 10 125 . 39 4 342 . 70 . 18 Knockbacks 6 | . . . 4 1 . . . . . . . . 1 . . . . Impact 6 | . . . 4 1 . . . . . . . . 1 . . . . Kinetic . | . . . . . . . . . . . . . . . . . . Secondary . | . . . . . . . . . . . . . . . . . . Self-Inflicted Damage 96 | . . 25 . . . . . . . . . . 71 . . . . Shots 2 | . . 1 . . . . . . . . . . 1 . . . . Rammed . | . . . . . . . . . . . . . . . . . . Targets Rammed 3 | . 1 2 . . . . . . . . . . . . . . . Kicked 3 | . 1 2 . . . . . . . . . . . . . . . Crushed . | . . . . . . . . . . . . . . . . . . Highest Temperature 305 | . 2 . 235 246 119 . . 64 234 150 183 6 260 100 86 305 200 Average Temperature 73 | . 1 . 107 84 59 . . 24 52 79 93 4 82 51 44 63 77 Received Heat Transfer 925 | . 114 15 108 9 . 18 9 64 135 . . 54 360 . 27 12 . Effects 2 | . . . . . . . . . . . . . 2 . . . . Interference 2 | . . . . . . . . . . . . . 2 . . . . Siege Activations . | . . . . . . . . . . . . . . . . . . Martial Activations . | . . . . . . . . . . . . . . . . . . Shielding Activations . | . . . . . . . . . . . . . . . . . . Robots Disrupted 2 | . . . . . . . . . . . . . 2 . . . . Combat Hostiles 1 | . . . . . . . . . . . . . 1 . . . . Robots Corrupted 4 | . . . 3 1 . . . . . . . . . . . . . Combat Hostiles 4 | . . . 3 1 . . . . . . . . . . . . . Parts Fried 2 | . . . 1 1 . . . . . . . . . . . . . Impact Corruptions 11 | . . . 6 2 . . . . . . . . 3 . . . . Robots Melted . | . . . . . . . . . . . . . . . . . . Combat Hostiles . | . . . . . . . . . . . . . . . . . . Parts Melted 1 | . . . 1 . . . . . . . . . . . . . . Heat Transferred . | . . . . . . . . . . . . . . . . . . Parts Sabotaged . | . . . . . . . . . . . . . . . . . . Parts Stolen . | . . . . . . . . . . . . . . . . . . Parts Stripped . | . . . . . . . . . . . . . . . . . . Power Chain Reactions . | . . . . . . . . . . . . . . . . . . Alert | -11 -10 -10 -10 -9 -9 -6 -6 -6 -6 -6 -6 -5 -5 -5 -5 -5 -4 ------- Run | Yrd Mat Min Sub Rec Scr Fac Was Fac Low Low Dat Pro Fac Upp Upp War Pro Maximum Alert Level 3 | . . . . . . . . 3 . . . . 2 . . . . Low Security (%) 86 | 100 100 100 . 100 . 100 100 43 . . . . 69 . . . . Level 1 8 | . . . . . . . . 26 . . . . 25 . . . . Level 2 5 | . . . . . . . . 28 . . . . 5 . . . . Level 3 . | . . . . . . . . 2 . . . . . . . . . Level 4 . | . . . . . . . . . . . . . . . . . . Level 5 . | . . . . . . . . . . . . . . . . . . High Security . | . . . . . . . . . . . . . . . . . . Max Security . | . . . . . . . . . . . . . . . . . . Peak Influence 723 | 10 45 77 . 20 . 95 18 723 . . . . 504 . . . . Initial 18 | . . . . . . . 18 . . . . . 12 . . . . Average 80 | 1 11 17 . . . 52 1 324 . . . . 159 . . . . Influence Increases 4231 | 15 65 219 146 66 . 146 30 1346 255 20 20 155 1245 12 359 82 50 Destroy 0b10 Robot/C 1820 | . 40 140 40 20 . 100 . 540 80 20 20 100 400 . 260 20 40 Destroy 0b10 Robot/NC 110 | 15 . . . . . 5 . 30 . . . . 50 10 . . . Destroy Leader 360 | . 10 30 . . . 22 . 136 10 . . 10 102 . 30 . 10 Allied During Kill 662 | . . 20 1 . . . . 576 . . . . 37 2 24 2 . Successful Hack 73 | . . 4 . 43 . . . 13 . . . . 13 . . . . Disable Machine 45 | . . . . . . . . 15 . . . . 30 . . . . Destroy Structure 171 | . . 10 . 3 . 4 30 6 . . . . 118 . . . . Partial Spotted 60 | . . . . . . . . 15 . . . . 45 . . . . Lose Combat Pursuer 930 | . 15 15 105 . . 15 . 15 165 . . 45 450 . 45 60 . Influence Decreases 4211 | 15 65 219 146 66 . 92 84 719 757 145 20 134 802 427 320 170 30 Entered New Map 574 | . . . . . . . 36 . 233 25 . . 9 173 10 88 . Time Decay 2751 | 15 65 209 126 66 . 82 48 449 494 120 20 134 407 254 180 62 20 Search Patrol Dispatched 100 | . . . . . . . . . . . . . 100 . . . . Lost Part 366 | . . 10 . . . 10 . 10 30 . . . 186 . 110 . 10 Lost Ally 420 | . . . 20 . . . . 260 . . . . 100 . 20 20 . Squads Dispatched 24 | . 2 . . . . 1 . 8 . . . . 13 . . . . Investigation 4 | . . . . . . . . 2 . . . . 2 . . . . Extermination 6 | . . . . . . . . 2 . . . . 4 . . . . Reinforcement 14 | . 2 . . . . 1 . 4 . . . . 7 . . . . Assault . | . . . . . . . . . . . . . . . . . . Garrison . | . . . . . . . . . . . . . . . . . . Intercept . | . . . . . . . . . . . . . . . . . . Searches Triggered 1 | . . . . . . . . . . . . . 1 . . . . Construction Impeded 1 | . . . . . . . . . . . . . 1 . . . . Haulers Reinforced 2 | . . . . . . . . 1 . . . . 1 . . . . Active Scanning Responses . | . . . . . . . . . . . . . . . . . . Cargo Convoy Interrupts 1 | . . . . . . . . . . . . . 1 . . . . Stealth | -11 -10 -10 -10 -9 -9 -6 -6 -6 -6 -6 -6 -5 -5 -5 -5 -5 -4 --------- Run | Yrd Mat Min Sub Rec Scr Fac Was Fac Low Low Dat Pro Fac Upp Upp War Pro Distress Signals 6 | . . . . . . . . . . . . . 4 . . 2 . Communications Jammed 18 | . . . . . . . . . . . . . 18 . . . . Distress Signals 18 | . . . . . . . . . . . . . 18 . . . . Times Spotted 230 | . 8 8 13 1 . 9 5 22 12 3 4 9 67 . 26 38 5 Peak Tracking Total 14 | . 4 3 3 1 . 4 3 4 7 3 3 4 14 . 9 9 3 Tactical Retreats 34 | . 1 1 4 . . 1 1 1 5 . . 1 13 . 3 3 . Traps | -11 -10 -10 -10 -9 -9 -6 -6 -6 -6 -6 -6 -5 -5 -5 -5 -5 -4 ------- Run | Yrd Mat Min Sub Rec Scr Fac Was Fac Low Low Dat Pro Fac Upp Upp War Pro Traps Triggered 3 | . . 1 . . . 1 . 1 . . . . . . . . . Indirectly . | . . . . . . . . . . . . . . . . . . Trap Hack Attempts . | . . . . . . . . . . . . . . . . . . Triggered . | . . . . . . . . . . . . . . . . . . Disarmed . | . . . . . . . . . . . . . . . . . . Reprogrammed . | . . . . . . . . . . . . . . . . . . Reused . | . . . . . . . . . . . . . . . . . . Traps Extracted . | . . . . . . . . . . . . . . . . . . Installed . | . . . . . . . . . . . . . . . . . . Triggered . | . . . . . . . . . . . . . . . . . . Most Traps Carried 1 | . . . 1 1 1 . . . . . . . . . . . . Machines | -11 -10 -10 -10 -9 -9 -6 -6 -6 -6 -6 -6 -5 -5 -5 -5 -5 -4 ---------- Run | Yrd Mat Min Sub Rec Scr Fac Was Fac Low Low Dat Pro Fac Upp Upp War Pro Machines Disabled 6 | . . . 1 . . . . 1 . . 1 . 2 . 1 . . Max in Single Turn 1 | . . . 1 . . . . . . . 1 . . . 1 . . Garrison Access 1 | . . . . . . . . 1 . . . . . . . . . Machines Repaired . | . . . . . . . . . . . . . . . . . . Machines Dismantled . | . . . . . . . . . . . . . . . . . . Machines Sabotaged . | . . . . . . . . . . . . . . . . . . Overloaded Fab Kills . | . . . . . . . . . . . . . . . . . . Hacking | -11 -10 -10 -10 -9 -9 -6 -6 -6 -6 -6 -6 -5 -5 -5 -5 -5 -4 --------- Run | Yrd Mat Min Sub Rec Scr Fac Was Fac Low Low Dat Pro Fac Upp Upp War Pro Machines Accessed 41 | . . 2 3 5 4 . . 9 1 . 4 1 10 1 . 1 . Terminals 12 | . . 1 . 5 . . . 2 . . . 1 3 . . . . Fabricators 2 | . . . . . . . . 1 . . . . 1 . . . . Repair Stations 2 | . . . . . . . . 1 . . . . 1 . . . . Recycling Units 3 | . . . . . . . . 1 . . . . 2 . . . . Scanalyzers 4 | . . . . . . . . 2 . . . . 2 . . . . Garrison Access 3 | . . . . . . . . 2 . . . . 1 . . . . Total Hacks 125 | . . 3 4 15 17 . . 28 1 . 29 2 24 1 . 1 . Successful 90 | . . 3 4 8 17 . . 14 1 . 29 2 10 1 . 1 . Failed 35 | . . . . 7 . . . 14 . . . . 14 . . . . Catastrophic 8 | . . . . 1 . . . 4 . . . . 3 . . . . Database Lockouts . | . . . . . . . . . . . . . . . . . . Manual 16 | . . . . 7 . . . 1 . . . 1 5 . . 2 . Terminals 34 | . . 2 . 15 . . . 5 . . . 2 10 . . . . Fabricators 6 | . . . . . . . . 3 . . . . 3 . . . . Repair Stations 6 | . . . . . . . . 2 . . . . 4 . . . . Recycling Units 3 | . . . . . . . . 1 . . . . 2 . . . . Scanalyzers 16 | . . . . . . . . 13 . . . . 3 . . . . Garrison Access 6 | . . . . . . . . 4 . . . . 2 . . . . Terminal Hacks 68 | . . 3 4 3 17 . . 2 1 . 29 2 5 1 . 1 . Record 31 | . . . 1 . 16 . . . . . 11 2 1 . . . . Part Schematic 15 | . . . . 3 . . . . . . 12 . . . . . . Robot Schematic 3 | . . . . . . . . . . . 3 . . . . . . Prototype ID Bank 4 | . . . . . . . . 1 . . 3 . . . . . . Open Door 6 | . . 1 1 . 1 . . . 1 . . . . 1 . 1 . Branch Access Points 1 | . . . . . . . . 1 . . . . . . . . . Emergency Access Points 1 | . . . . . . . . . . . . . 1 . . . . Locate Traps 2 | . . . . . . . . . . . . . 2 . . . . Dispatch Records 1 | . . 1 . . . . . . . . . . . . . . . Zone Layout 2 | . . 1 . . . . . . . . . . 1 . . . . Proto ID Catalog 1 | . . . 1 . . . . . . . . . . . . . . Release Object 1 | . . . 1 . . . . . . . . . . . . . . Fabricator Hacks . | . . . . . . . . . . . . . . . . . . Repair Station Hacks 4 | . . . . . . . . 2 . . . . 2 . . . . Scan Component 2 | . . . . . . . . 1 . . . . 1 . . . . Repair 2 | . . . . . . . . 1 . . . . 1 . . . . Recycling Unit Hacks . | . . . . . . . . . . . . . . . . . . Scanalyzer 8 | . . . . . . . . 8 . . . . . . . . . Insert Component 2 | . . . . . . . . 2 . . . . . . . . . Analyze 4 | . . . . . . . . 4 . . . . . . . . . Retrieve Study 2 | . . . . . . . . 2 . . . . . . . . . Garrison Access Hacks 1 | . . . . . . . . 1 . . . . . . . . . Seal Access 1 | . . . . . . . . 1 . . . . . . . . . Unauthorized Hacks 9 | . . . . 5 . . . 1 . . . . 3 . . . . Terminals 6 | . . . . 5 . . . . . . . . 1 . . . . Assimilate 1 | . . . . . . . . . . . . . 1 . . . . Botnet 2 | . . . . 2 . . . . . . . . . . . . . Skim 3 | . . . . 3 . . . . . . . . . . . . . Fabricators . | . . . . . . . . . . . . . . . . . . Repair Stations . | . . . . . . . . . . . . . . . . . . Recycling Units 3 | . . . . . . . . 1 . . . . 2 . . . . Fedlink 1 | . . . . . . . . 1 . . . . . . . . . Scrapoids 2 | . . . . . . . . . . . . . 2 . . . . Scanalyzers . | . . . . . . . . . . . . . . . . . . Garrison Access . | . . . . . . . . . . . . . . . . . . Data Cores Recovered . | . . . . . . . . . . . . . . . . . . Used . | . . . . . . . . . . . . . . . . . . Hacking Detections 21 | . . . . 5 . . . 8 . . . . 8 . . . . Full Trace Events 2 | . . . . 2 . . . . . . . . . . . . . Feedback Events . | . . . . . . . . . . . . . . . . . . Feedback Blocked . | . . . . . . . . . . . . . . . . . . Robot Schematics Acquired 3 | . . . . . . . . . . . 3 . . . . . . Robots Built . | . . . . . . . . . . . . . . . . . . Authchips . | . . . . . . . . . . . . . . . . . . Time . | . . . . . . . . . . . . . . . . . . Total Robot Build Rating . | . . . . . . . . . . . . . . . . . . Part Schematics Acquired 44 | . . . . 3 13 . 3 8 3 . 13 . 1 . . . . Parts Built . | . . . . . . . . . . . . . . . . . . Authchips . | . . . . . . . . . . . . . . . . . . Time . | . . . . . . . . . . . . . . . . . . Total Part Build Rating . | . . . . . . . . . . . . . . . . . . Part Studies Acquired 2 | . . . . . . . . 2 . . . . . . . . . Parts Repaired 1 | . . . . . . . . . . . . . 1 . . . . Time 139 | . . . . . . . . 89 . . . . 50 . . . . Parts Recycled . | . . . . . . . . . . . . . . . . . . Recycled Matter . | . . . . . . . . . . . . . . . . . . Retrieved Matter . | . . . . . . . . . . . . . . . . . . Retrieved Components . | . . . . . . . . . . . . . . . . . . Parts Scanalyzed 2 | . . . . . . . . 2 . . . . . . . . . Part Schematics Acquired 1 | . . . . . . . . 1 . . . . . . . . . Parts Damaged . | . . . . . . . . . . . . . . . . . . Bothacking | -11 -10 -10 -10 -9 -9 -6 -6 -6 -6 -6 -6 -5 -5 -5 -5 -5 -4 ------------ Run | Yrd Mat Min Sub Rec Scr Fac Was Fac Low Low Dat Pro Fac Upp Upp War Pro Used RIF Installer . | . . . . . . . . . . . . . . . . . . Robots Hacked 2 | . . . . . . . . . . . . . 1 . . 1 . Non-combat . | . . . . . . . . . . . . . . . . . . Combat . | . . . . . . . . . . . . . . . . . . Robot Hacks Applied . | . . . . . . . . . . . . . . . . . . Manual 2 | . . . . . . . . . . . . . 1 . . 1 . Relay Couplers Released . | . . . . . . . . . . . . . . . . . . Fabnet Peak Effective % . | . . . . . . . . . . . . . . . . . . Robots Rewired 1 | . . . . . . . . . . . . . 1 . . . . Allies Hacked . | . . . . . . . . . . . . . . . . . . Hacks Repelled . | . . . . . . . . . . . . . . . . . . Allies | -11 -10 -10 -10 -9 -9 -6 -6 -6 -6 -6 -6 -5 -5 -5 -5 -5 -4 -------- Run | Yrd Mat Min Sub Rec Scr Fac Was Fac Low Low Dat Pro Fac Upp Upp War Pro Total Allies 30 | . . 2 . . . . 20 . . . . . 7 . . 1 . Largest Group 19 | . . 2 2 . . . 19 17 . . . . 5 2 2 1 . Highest-Rated Group 702 | . . 38 38 . . . 702 602 . . . . 238 94 94 116 . Highest-Rated Ally 116 | . . 31 31 . . . 50 46 . . . . 85 47 47 116 . Initial UFD Resources 37 | . . . . . . 23 23 23 33 33 33 37 37 31 31 31 33 Total Orders 7 | . . . . . . . . . . . . . . 2 . 5 . STAY 1 | . . . . . . . . . . . . . . 1 . . . FOLLOW 2 | . . . . . . . . . . . . . . 1 . 1 . EXPLORE 2 | . . . . . . . . . . . . . . . . 2 . RETURN 2 | . . . . . . . . . . . . . . . . 2 . Ally Attacks 300 | . . 12 4 . . . 85 159 . . . . 24 . 13 3 . Total Damage 7322 | . . 147 81 . . . 2841 3057 . . . . 719 . 304 173 . Kills 50 | . . 5 . . . . 6 28 . . . . 5 . 5 1 . Allies Corrupted 1 | . . . . . . . . . . . . . 1 . . . . Allies Melted . | . . . . . . . . . . . . . . . . . . Intel | -11 -10 -10 -10 -9 -9 -6 -6 -6 -6 -6 -6 -5 -5 -5 -5 -5 -4 ------- Run | Yrd Mat Min Sub Rec Scr Fac Was Fac Low Low Dat Pro Fac Upp Upp War Pro Active Infowar (turns) 4445 | 16 67 . . . . 211 346 285 1287 794 2 484 758 . 105 11 79 Optics 90 | . . . . . . . . . . . . . . . . 11 79 Sensors 3548 | . . . . . . . . 285 1287 794 2 484 696 . . . . Terrain 557 | . . . . . . 211 346 . . . . . . . . . . Traps 1 | . . . . . . . . 1 . . . . . . . . . Seismic 83 | 16 67 . . . . . . . . . . . . . . . . Cloaking 105 | . . . . . . . . . . . . . . . 105 . . Jamming 1466 | . . . . . . . . . . 729 . . 737 . . . . Robot Analysis Total . | . . . . . . . . . . . . . . . . . . Derelict Logs Recovered 11 | . . 2 . . 2 . . . 2 1 . 2 . 1 1 . . Drone Launches 2 | . . . . . . . . . . . . . . . . 2 . Drone Recoveries 2 | . . . . . . . . . . . . . . . . 2 . Exploration | -11 -10 -10 -10 -9 -9 -6 -6 -6 -6 -6 -6 -5 -5 -5 -5 -5 -4 ------------- Run | Yrd Mat Min Sub Rec Scr Fac Was Fac Low Low Dat Pro Fac Upp Upp War Pro Turns Passed 23195 | 80 239 993 3996 3402 6315 215 660 1221 1314 794 315 535 1431 540 364 702 79 Spaces Moved 15718 | 48 144 500 1219 413 5714 160 632 1056 1313 697 187 446 1485 416 332 874 82 Core 18 | 8 . . . . 10 . . . . . . . . . . . . Treads . | . . . . . . . . . . . . . . . . . . Legs 3351 | 40 144 500 1219 413 978 57 . . . . . . . . . . . Wheels 1324 | . . . . . 1324 . . . . . . . . . . . . Hover 7715 | . . . . . 92 103 632 1056 1313 697 187 446 1485 416 332 874 82 Flight 3310 | . . . . . 3310 . . . . . . . . . . . . Fastest Speed 35 | 50 120 190 190 820 35 52 52 103 48 113 113 113 44 63 50 41 45 Average Speed 136 | 108 137 190 315 820 108 73 91 105 88 113 114 113 68 119 79 58 45 Slowest Speed 820 | 120 190 190 820 820 820 160 105 166 166 113 118 118 217 126 126 191 45 Overloaded Moves 33 | . . . . . . . . . . . . . 33 . . . . Propulsion Burnouts . | . . . . . . . . . . . . . . . . . . Robots Hopped 2 | . . . . . 2 . . . . . . . . . . . . Potential Cave-ins 2 | . . . . . . . . . . . . . 2 . . . . Cave-ins Triggered . | . . . . . . . . . . . . . . . . . . Exploration Rate (%) 59 | 4 29 96 55 81 93 4 95 29 89 83 80 75 43 57 46 86 19 Regions Visited 17 Branch Regions 12 Pre-discovered Areas 5 | . . 2 . . . . . . . 1 1 . . . 1 . . Known Exits Taken 3 | . . . . . . . . 1 . . . . 1 1 . . . Unknown Exits Taken 12 | 1 1 1 1 1 1 . . . 1 1 1 1 . . 1 1 . Scrap Searched 29 | . . 2 6 . 11 . . . 2 . . 4 . 1 3 . . Spaces Dug 75 | . . . 10 2 . 4 . 4 12 . . . 30 7 5 1 . Terrain Destroyed 196 | . . 10 48 3 . 4 1 5 12 . . 29 71 7 5 1 . Melee 70 | . . . 8 . . 4 . 4 12 . . . 29 7 5 1 . Projectile 12 | . . . 2 3 . . 1 1 . . . . 5 . . . . AOE 114 | . . 10 38 . . . . . . . . 29 37 . . . . Terrain Rammed . | . . . . . . . . . . . . . . . . . . Walls Destroyed . | . . . . . . . . . . . . . . . . . . Machines Disabled . | . . . . . . . . . . . . . . . . . . Actions | -11 -10 -10 -10 -9 -9 -6 -6 -6 -6 -6 -6 -5 -5 -5 -5 -5 -4 --------- Run | Yrd Mat Min Sub Rec Scr Fac Was Fac Low Low Dat Pro Fac Upp Upp War Pro Total 16962 | 66 170 529 1304 431 5810 218 709 1144 1426 700 242 463 1762 441 382 1062 103 Wait 320 | 4 . 6 4 . . . 33 7 29 . 16 . 90 . 4 125 2 Move 15699 | 47 143 499 1218 412 5710 160 631 1055 1312 696 186 445 1484 415 331 873 82 Hop 1 | . . . . . 1 . . . . . . . . . . . . Pick Up 174 | 2 5 6 22 9 28 5 12 21 16 . 3 3 20 5 4 13 . Fast Attach 69 | 6 . . 1 1 23 4 1 3 2 . 1 . 15 2 1 7 2 Attach 59 | . . 2 7 . 4 8 2 3 6 . . 5 9 2 5 6 . Detach 31 | . . . 1 . 11 7 2 . 1 . . . 3 . . 6 . Swap 99 | . 4 3 6 . 3 . 8 18 14 3 2 1 20 2 2 13 . Drop 137 | . 2 . 4 5 30 5 14 18 14 . 3 . 20 3 2 15 2 Fire 67 | 7 15 11 13 2 . . 2 1 2 . . 2 11 . . 1 . Melee 299 | . . . 28 2 . 29 4 18 29 1 31 7 87 12 33 3 15 Ram . | . . . . . . . . . . . . . . . . . . Kick 3 | . 1 2 . . . . . . . . . . . . . . . Crush . | . . . . . . . . . . . . . . . . . . Escape Stasis . | . . . . . . . . . . . . . . . . . . Rewire 3 | . . . . . . . . . . . . . 3 . . . . Trap . | . . . . . . . . . . . . . . . . . . Miscellaneous 1 | . . . . . . . . . 1 . . . . . . . . Route ------- -11/Scrapyard -10/Materials (discovered 2 exits: [*Mat] / *Min) -10/Mines (discovered 3 exits: [*Mat x2] / *Sub) -10/Subcaves -9/Recycling -9/Scraptown (discovered 2 exits: [*Fac x2]) -6/Factory -6/Waste -6/Factory (discovered 3 exits: *Fac / *Low x2) -6/Lower Caves -6/Lower Caves (discovered 2 exits: *Fac / *Dat) -6/Data Miner -5/Proximity Caves -5/Factory (discovered 2 exits: *Fac / *Upp) -5/Upper Caves -5/Upper Caves (discovered 2 exits: *Fac / *War) -5/Warlord -4/Proximity Caves History --------- Turn | Location | Event 3 | -11/Scrapyard | Discovered new exit (range 16) 81 | -11/Scrapyard | Entered Materials 126 | -10/Materials | Discovered new exit (range 7) 243 | -10/Materials | Discovered new exit (range 9) 308 | -10/Materials | Build established: Mutant 320 | -10/Materials | Entered Mines 346 | -10/Mines | Met a Derelict bent on vengeance 567 | -10/Mines | Learned location of Storage (-9) 728 | -10/Mines | Learned location of Mines (-8) 1107 | -10/Mines | Discovered new exit (range 9) 1149 | -10/Mines | Discovered new exit (range 5) 1194 | -10/Mines | Discovered new exit (range 7) 1218 | -10/Mines | Met a Derelict who couldn't figure out how to use a Trap Extractor 1313 | -10/Mines | Entered Subcaves 1313 | -10/Subcaves | Accompanied by 2 allies 1318 | -10/Subcaves | Led the pair of lost Derelicts to an unsafe place 1650 | -10/Subcaves | Ambushed by Subdweller buried in earth 1909 | -10/Subcaves | Core integrity fell below 50% 1943 | -10/Subcaves | Lost 3 parts (1p2w) 1990 | -10/Subcaves | Core integrity fell below 20% 2646 | -10/Subcaves | Visited 4L-MR0's lab 2669 | -10/Subcaves | Found Prototype Power Core 2678 | -10/Subcaves | Identified Meta Core 2810 | -10/Subcaves | Attached Meta Core, gained temporary slots: Propulsion, Utility, Weapon 3529 | -10/Subcaves | Found SUBCON Basin 3610 | -10/Subcaves | Build established: Hauler-Mutant 5289 | -10/Subcaves | System corruption reached 10% 5291 | -10/Subcaves | Discovered new exit (range 5) 5309 | -10/Subcaves | Entered Recycling 5310 | -9/Recycling | Met a Zionite searching for Scraptown 8472 | -9/Recycling | Scanned before Scraplab entrance 8595 | -9/Recycling | Entered Scraplab 8686 | -9/Recycling | Discovered new exit (range 3) 8711 | -9/Recycling | Entered Scraptown 8761 | -9/Scraptown | System corruption cleaned by C-Scrubber 8818 | -9/Scraptown | Heard Great Nut preacher, LISTEN AND RECITE! 9309 | -9/Scraptown | Visited Assassins FH 9344 | -9/Scraptown | Visited Awakened 9922 | -9/Scraptown | Visited Bundlers 10117 | -9/Scraptown | Visited Symbiants 10167 | -9/Scraptown | Visited Cyclists 10237 | -9/Scraptown | Visited UFD Registry 10237 | -9/Scraptown | Registered with UFD as "Nukebay" 10308 | -9/Scraptown | Visited Comm Corps 10411 | -9/Scraptown | Visited The Evicted 10501 | -9/Scraptown | Scanned Subdweller tech in exchange for log data 10508 | -9/Scraptown | Learned 8 Factory zone layouts 10590 | -9/Scraptown | Guru changed UFD alias to "Powerrunner" 10627 | -9/Scraptown | Discovered new exit (range 11) 10842 | -9/Scraptown | Visited Derelict Rescue Squad 10877 | -9/Scraptown | Visited DA-N13 Charitable Foundation 10886 | -9/Scraptown | Found DCF Scrap (26 items) 11094 | -9/Scraptown | Visited A0-MCA Data Center 11115 | -9/Scraptown | Received an X-ray algorithm 11140 | -9/Scraptown | Visited Scrapoid Pod Storage 11254 | -9/Scraptown | Visited Sword Containment 11285 | -9/Scraptown | Visited Modified Component R&D 11384 | -9/Scraptown | Visited Observation Area 11426 | -9/Scraptown | Visited LU-1G1's Boring Crew 11954 | -9/Scraptown | Build established: Mutant 12025 | -9/Scraptown | Given an A+ rating by A0-MCA 12028 | -9/Scraptown | Found A0-MCA's Component Scanner 12456 | -9/Scraptown | Discovered new exit (range 5) 12579 | -9/Scraptown | Tech Extrapolator generated special schematic: Deep Structural Scanner 12605 | -9/Scraptown | Entered Cyclist Reading Room 13322 | -9/Scraptown | Found DRS Beacon 14711 | -9/Scraptown | Found Prototype Slashing Weapon 14711 | -9/Scraptown | Identified Companion Sword 14883 | -9/Scraptown | Found Scrap Suit 15026 | -9/Scraptown | Entered Factory 15026 | -6/Factory | Evolved 8 slots: Power x1, Propulsion x3, Utility x4 15241 | -6/Factory | Sucked down chute 15241 | -6/Factory | Entered Waste 15242 | -6/Waste | Met a frightened Derelict 15258 | -6/Waste | Found Unknown Device 15269 | -6/Waste | Spotted C-40 Crusher 15272 | -6/Waste | Spotted C-40 Crusher 15328 | -6/Waste | Spotted C-40 Crusher 15350 | -6/Waste | Warlord forces began an assault 15372 | -6/Waste | Identified Heavy Servo Lattice 15399 | -6/Waste | Allies destroyed C-40 Crusher 15399 | -6/Waste | Allies destroyed C-40 Crusher 15401 | -6/Waste | Allies destroyed C-40 Crusher 15403 | -6/Waste | Spotted C-40 Crusher 15405 | -6/Waste | Allies destroyed C-40 Crusher 15449 | -6/Waste | Found Damper Plating 15836 | -6/Waste | Discovered new exit (range 12) 15901 | -6/Waste | Entered Factory 15901 | -6/Factory | Accompanied by 17 allies 16250 | -6/Factory | Loaded intel: 7 recycling unit locations 16364 | -6/Factory | Identified exit to Lower Caves 16535 | -6/Factory | Tech Extrapolator generated special schematic: Machine Rigger 16762 | -6/Factory | P-60 Hacker assimilated allied IP-F74(l) 16788 | -6/Factory | Discovered new exit (range 10) 16914 | -6/Factory | Lost 3 allies 17114 | -6/Factory | Lost 3 allies 17122 | -6/Factory | Entered Lower Caves 17144 | -6/Lower Caves | Encountered a Warlord checkpoint 17299 | -6/Lower Caves | Spotted B-75 Beast 17310 | -6/Lower Caves | Tech Extrapolator generated special schematic: Energy Deflector 17425 | -6/Lower Caves | Build established: Gladiator 17676 | -6/Lower Caves | Learned Factory terminal intel 17725 | -6/Lower Caves | Attracted the attention of an 0b10 checkpoint 17844 | -6/Lower Caves | Attracted the attention of an 0b10 outpost 17857 | -6/Lower Caves | Activated DRS Beacon 18133 | -6/Lower Caves | Attached CPS modules to LG-PW6(h) 18138 | -6/Lower Caves | Attached CPS modules to HJ-8XG(h) 18232 | -6/Lower Caves | Learned Factory trap positions 18313 | -6/Lower Caves | Found DCF Scrap (12 items) 18343 | -6/Lower Caves | Discovered new exit (range 12) 18436 | -6/Lower Caves | Entered another Lower Caves area 18595 | -6/Lower Caves | Encountered a Warlord checkpoint 18695 | -6/Lower Caves | Build established: Scavenger-Gladiator 18907 | -6/Lower Caves | Discovered new exit (range 9) 19076 | -6/Lower Caves | Discovered new exit (range 14) 19230 | -6/Lower Caves | Entered Data Miner 19233 | -6/Data Miner | Discovered new exit (range 6) 19255 | -6/Data Miner | Met Data Miner 19284 | -6/Data Miner | Learned location of Section 7 (-2) 19284 | -6/Data Miner | Acquired the access code to Warlord's prototype stash 19295 | -6/Data Miner | Received God Mode back door access code from Data Miner 19362 | -6/Data Miner | Destroyed Data Miner 19364 | -6/Data Miner | Found Prototype Hackware 19366 | -6/Data Miner | Found Prototype Hackware 19369 | -6/Data Miner | Found Prototype Hackware 19372 | -6/Data Miner | Data Conduit disabled 19494 | -6/Data Miner | Found Prototype Device 19494 | -6/Data Miner | Identified Exp. Thermal Shield 19509 | -6/Data Miner | Lost 3 parts (1n1u1w) 19545 | -6/Data Miner | Entered Proximity Caves 19547 | -5/Proximity Caves | Attracted the attention of an 0b10 checkpoint 19571 | -5/Proximity Caves | Core integrity fell below 50% 19844 | -5/Proximity Caves | Build established: Scavenger-Mutant 19854 | -5/Proximity Caves | Learned location of 1 exit from Upper Caves 19969 | -5/Proximity Caves | Received a Behemoth hack from an annoying Tinkerer 19989 | -5/Proximity Caves | Learned 4 Factory zone layouts 20063 | -5/Proximity Caves | Discovered new exit (range 10) 20080 | -5/Proximity Caves | Entered Factory 20080 | -5/Factory | Evolved 2 slots: Propulsion x1, Utility x1 20082 | -5/Factory | Loaded intel: 86 trap records 20083 | -5/Factory | Loaded intel: 26 terminal locations 20582 | -5/Factory | Build established: Scavenger-Gladiator 20590 | -5/Factory | Lost 5 parts (1n3u1w) 20640 | -5/Factory | Lost 3 parts (2n1w) 20890 | -5/Factory | Spotted B-75 Beast 20977 | -5/Factory | Repaired Force Field 21102 | -5/Factory | Befriended a Behemoth using the annoying Tinkerer's hack 21135 | -5/Factory | Lost 3 parts (1p2u) 21280 | -5/Factory | Search patrols dispatched 21303 | -5/Factory | Scrapoids reinforcements arrived? 21315 | -5/Factory | Cargo convoy interrupted 21319 | -5/Factory | Build established: Gladiator 21329 | -5/Factory | Discovered new exit (range 5) 21331 | -5/Factory | Identified exit to Factory 21386 | -5/Factory | Core integrity fell below 50% 21389 | -5/Factory | Lost 4 parts (2p2u) 21414 | -5/Factory | Discovered new exit (range 12) 21420 | -5/Factory | Identified exit to Upper Caves 21468 | -5/Factory | Scrapoids reinforcements arrived? 21511 | -5/Factory | Entered Upper Caves 21511 | -5/Upper Caves | Accompanied by 2 allies 21512 | -5/Upper Caves | Identified exit to Upper Caves 21537 | -5/Upper Caves | Lost 3 allies 22051 | -5/Upper Caves | Entered another Upper Caves area 22051 | -5/Upper Caves | Accompanied by 2 allies 22054 | -5/Upper Caves | Learned location of Warlord (-5) 22062 | -5/Upper Caves | Discovered exit to Factory (range 9) 22078 | -5/Upper Caves | Acquired the password to a Derelict Tinkerer's latest research 22328 | -5/Upper Caves | Lost 7 parts (2p3n2u) 22381 | -5/Upper Caves | Attracted the attention of an 0b10 checkpoint 22387 | -5/Upper Caves | Core integrity fell below 20% 22408 | -5/Upper Caves | Discovered new exit (range 7) 22415 | -5/Upper Caves | Entered Warlord 22433 | -5/Warlord | System corruption cleaned by Quarantine Array 22441 | -5/Warlord | Lost 3 parts (1p2u) 22568 | -5/Warlord | Opened Warlord's prototype stash 22571 | -5/Warlord | Found Prototype Reactor 22571 | -5/Warlord | Identified Vortex Chain Reactor 22576 | -5/Warlord | Found Prototype Processor 22576 | -5/Warlord | Identified Exp. Targeting Computer 22590 | -5/Warlord | Found Prototype Hackware 22642 | -5/Warlord | Visited the Vortex Lab 22648 | -5/Warlord | Found Prototype Energy Gun 22648 | -5/Warlord | Identified Vortex Rail 22656 | -5/Warlord | Found Vortex Rail 22658 | -5/Warlord | Warlord's base attacked by MAIN.C 22674 | -5/Warlord | Identified System Mapper (x2) 22674 | -5/Warlord | Identified Deep Network Scanner 22674 | -5/Warlord | Identified Ghost Barrier 22739 | -5/Warlord | Found RU-N14's Throwing Claymores v3 22741 | -5/Warlord | Found RU-N14's Throwing Claymores v3 22743 | -5/Warlord | Found RU-N14's Throwing Claymores v3 22746 | -5/Warlord | Found RU-N14's Throwing Claymores v3 22983 | -5/Warlord | Spotted B-86 Titan 22987 | -5/Warlord | Befriended a Behemoth using the annoying Tinkerer's hack 22992 | -5/Warlord | Warlord forces counterattacked 22994 | -5/Warlord | Spotted B-75 Beast 23055 | -5/Warlord | Lost 4 allies 23081 | -5/Warlord | Spotted Executioner 23112 | -5/Warlord | Discovered new exit (range 9) 23117 | -5/Warlord | Entered Proximity Caves 23118 | -4/Proximity Caves | Lost 5 allies 23148 | -4/Proximity Caves | Spotter reported a threat 23194 | -4/Proximity Caves | System corruption reached 10% 23196 | -4/Proximity Caves | Destroyed by P-70 Sage with High-powered Shock Rifle Last Messages --------------- 23148_ N-01 Spotter sends a signal. 23148_ ALERT: Unidentified potential threat approaching Complex 0b10. 23152_ P-70 Sage IFF system glitched. 23152_ P-70 Sage destroyed. 23155_ Acquired Companion Sword. 23157_ Acquired 30 matter. 23161_ Tesla Rifle fries itself beyond repair. 23163_ Antigrav System fries itself beyond repair. 23164_ Imp. Heat Sink fries itself beyond repair. 23165_ Destroyed Imp. Heat Sink. 23167_ Imp. Heat Sink fries itself beyond repair. 23167_ Phasing Sabre follow-up attack on P-70 Sage. 23168_ Imp. Remote Datajack fries itself beyond repair. 23175_ Phasing Sabre follow-up attack on P-70 Sage. 23175_ Destroyed Tesla Rifle. 23178_ P-70 Sage destroyed. 23182_ System corrupted: Heat flow error (+297). 23193_ Phasing Sabre follow-up attack on P-70 Sage. 23193_ Cld. Antigrav System destroyed. 23196_ Destroyed Imp. Heat Sink. Map ----- +----------------------------------------------------+ | ?????????????????????????????????????????????????? | | ?????????????????????????????????????????????????? | | ?????????????????????????????????????????????????? | | ?????????????????????????????????????????????????? | | ?????????????????????????????????????????????????? | | ?????????????????????????????????????????????????? | | ?????????????????????????????????????????????????? | | ?????????????????????????????????????????????????? | | ??????????????????##?????????????????????????????? | | ??????????????????# #????????????????????????????? | | ??????????????????# #???####????????????????????? | | ??????????????????? ??? #????????????????????? | | ??????????????????? ?## ##???????????????????? | | ???????????????????? ## #??????#????????????? | | ???????????????????? #??#?? ###??????????? | | ????????????????????? #? ## ???????????? | | ????????????????? ## # #????????????? | | ?????????????????# ##???????????? | | ?????????????????# #???????????? | | ??????????####### ??????????????? | | ?????????## ## #????????????????? | | ????????## #?????????????????? | | ??????## #??????????????????? | | ?????## #???????????????????? | | ??### #????????????????????? | | ?# ######@###????????????????????? | | ?# ?# ##????#p#??????????????????????? | | ## ## ####????? ??????????????????????? | | # ## ##???????? # ?????????????????????? | | # #???????? # ????????????????????? | | # #???????? ? ????????????????????? | | #???????#####?##???????????????????? | | ## ##??????????????????????????????????? | | ??## #???????????????????????????????????? | | #### ##??????????????????????????????????? | | ##?????????????????????????????????? | | # # ##????????????????????????????????? | | ## ?####### %*%#????????????????????????????????? | | ?# ???????## [#????????????????????????????????? | | ##????????# ##???????????????????????????????? | | ###??????## #???????????????????????????????? | | ##?##### #???????????????????????????????? | | ### #???????????????????????????????? | | #???????????????????????????????? | | ### ##???????????????????????????????? | | ## ###?## ##????????????????????????????????? | | #######????#####?????????????????????????????????? | | ?????????????????????????????????????????????????? | | ?????????????????????????????????????????????????? | | ?????????????????????????????????????????????????? | +----------------------------------------------------+ Best States ------------- Heat Dissipation 64 Energy Generation 55 Energy Capacity 700 Matter Stores 300 Matter Capacity 300 Sight Range 23 Robot Scan Range 16 Terrain Scan Range 16 Terrain Scan Density 210 Jamming Range 14 Cloak Strength 3 Power Amplification 20 Additional Mass Support 9 Armor Coverage 225 Resistance: KI 20 Resistance: TH 30 Resistance: EM 20 Power Shielding 66 Phase Shifting 5 Evasion (%) 63 Targeting Accuracy 12 Melee Accuracy 14 Armor Integrity Analysis 30 Particle Charging 20 Force Boost 20 Offensive Hacking 20 Defensive Hacking 10 Authchip Count 4 Item Schematics ----------------- Imp. Weapon Shielding | -9/Recycling | Hacked Weapon Cycler | -9/Recycling | Hacked Imp. Treads | -9/Recycling | Hacked Spk. Treads | -9/Scraptown | Extrapolated Spk. Medium Treads | -9/Scraptown | Extrapolated Mak. Leg | -9/Scraptown | Extrapolated Mak. Coolant Network | -9/Scraptown | Extrapolated Deep Structural Scanner | -9/Scraptown | Extrapolated 0b10 Decoder Chip [Scout] | -9/Scraptown | Extrapolated Mak. Light Armor Plating | -9/Scraptown | Extrapolated Lgt. Humpback | -9/Scraptown | Extrapolated Mak. Medium Armor Plating | -9/Scraptown | Extrapolated Mak. Ablative Armor | -9/Scraptown | Extrapolated Battle Rifle | -9/Scraptown | Extrapolated Barrage Gun | -9/Scraptown | Extrapolated Hvy. Battle Rifle | -9/Scraptown | Extrapolated Beamcaster | -6/Waste | Extrapolated Spk. Heavy Treads | -6/Waste | Extrapolated Mak. Power Source | -6/Waste | Extrapolated Mak. Targeting Computer | -6/Factory | Extrapolated 0b10 Decoder Chip [Generic] | -6/Factory | Extrapolated 0b10 Decoder Chip [Skirmisher] | -6/Factory | Extrapolated Machine Rigger | -6/Factory | Extrapolated Mak. Trap Scanner | -6/Factory | Extrapolated Particle Reactor | -6/Factory | Scanalyzed Mak. Flight Unit | -6/Factory | Extrapolated Hvy. Beamcaster | -6/Factory | Extrapolated Ripper | -6/Lower Caves | Extrapolated Energy Deflector | -6/Lower Caves | Extrapolated Mak. Laser | -6/Lower Caves | Extrapolated Combat Drone Bay | -6/Data Miner | Free Lgt. Regenerative Plating | -6/Data Miner | Free Cld. Nuclear Pulse Thruster | -6/Data Miner | Free Adv. EM Disruption Field | -6/Data Miner | Free Neutron Cannon | -6/Data Miner | Free Imp. Linear Gravjet | -6/Data Miner | Free Adv. Coolant Injector | -6/Data Miner | Free Force Lance | -6/Data Miner | Free Imp. Thermal Shield | -6/Data Miner | Free Micro-nuke Launcher | -6/Data Miner | Free Shield Leg | -6/Data Miner | Free Linear Accelerator | -6/Data Miner | Free Mak. Thermal Plating | -6/Data Miner | Extrapolated Multitool | -5/Factory | Extrapolated Robot Schematics ------------------ G-50 Soldier | -6/Data Miner | Free A-15 Conveyor | -6/Data Miner | Free Y-64 Sentinel | -6/Data Miner | Free Fabricated ------------ Nothing Repaired ---------- Force Field | 2% | -5/Factory Studied --------- Gravmag Array | -6/Factory | Hacked Gravmag System | -6/Factory | Hacked Alien Tech Used ----------------- None Achievements -------------- Wiki Contributor Challenges ------------ None Game ------ Seed ArmorProtonBarrier Manual? 0 Play Time 02:54:18 Cumulative 478.4 hours Start 2026.09.02 @ 22:46:03 End 2026.09.03 @ 01:41:25 Sessions 1 Manual Loads 0 Difficulty Rogue Special Mode None Game No. 350 Rogue 350 Adventurer 0 Explorer 0 Win Type - Total 9 Types 4/0/3/2/0/0/0/0/0/0 Lore% 60 Gallery% 72 Achievement% 57 Wizard Run 0 Options --------- Layout 2 ASCII 0 Keyboard 1 Movement Vi Keybinds 0 Fullscreen 2 Font 32/Smallcaps Map View 77x44 Zoom Use 0% Tactical HUD 1 Map Filters NONE Filters NONE Steam 1 RUN: ad5a33c5-7056-43e8-8c7b-23c7d3c7c885